 Dungeon Crawl Stone Soup version 0.17.2 (webtiles) character file.

641 Scarto the Shield-Bearer (level 7, -13/61 HPs)
             Began as a Minotaur Fighter on June 6, 2016.
             Killed from afar by Pikel (20 damage)
             ... with a wand of cold
             ... on level 4 of the Dungeon.
             The game lasted 00:05:27 (3976 turns).

Scarto the Shield-Bearer (Minotaur Fighter)         Turns: 3976, Time: 00:05:27

Health: -13/61     AC:  7    Str: 22    XL:     7   Next: 26%
Magic:  6/6        EV: 15    Int:  5    God:
Gold:   111        SH: 11    Dex: 15    Spells: 0 memorised, 6 levels left

rFire  + . .     SeeInvis .     u - +3 spear
rCold  . . .     Clarity  .     b - +0 scale mail
rNeg   . . .     SustAt   +     c - +0 shield
rPois  .         Gourm    .     (helmet restricted)
rElec  .         Spirit   .     (no cloak)
rCorr  .         Warding  .     (no gloves)
rMut   .         Stasis   .     (no boots)
MR     .....                    (no amulet)
Stlth  +.........               q - ring of protection from fire
                                d - ring of sustain attributes

@: agile, not resistant to hostile enchantments, very unstealthy
A: retaliatory headbutt, horns 2
a: no special abilities


You were on level 4 of the Dungeon.
You were not hungry.

You visited 1 branch of the dungeon, and saw 4 of its levels.

You collected 111 gold pieces.

Inventory:

Hand Weapons
 u - a +3 spear (weapon)
Missiles
 r - 2 poisoned javelins (quivered)
 y - 4 tomahawks
Armour
 b - a +0 scale mail (worn)
 c - a +0 shield (worn)
Jewellery
 d - a ring of sustain attributes (left hand)
 n - an uncursed ring of positive energy
 q - a ring of protection from fire (right hand)
Wands
 m - a wand of flame (28)
 w - a wand of heal wounds (1)
Scrolls
 e - a scroll of enchant armour {unknown}
 g - 6 scrolls of remove curse {unknown}
 i - 3 scrolls of identify {unknown}
 j - a scroll of random uselessness {unknown}
 o - 2 scrolls of fear {unknown}
Potions
 f - a potion of cancellation {unknown}
 h - 5 potions of magic {unknown}
 k - a potion of curing {unknown}
 l - a potion of haste {unknown}
 s - 2 potions of flight {unknown}
 t - 3 potions of poison {unknown}
 x - a potion of ambrosia {unknown}
Books
 p - a book of Cantrips

   Spells                             Type                      Level
   a - Corona                         Hexes                        1
   b - Animate Skeleton               Necromancy                   1
   c - Summon Small Mammal            Summoning                    1
   d - Apportation                    Translocation                1
Comestibles
 v - 2 meat rations
 z - a bread ration


   Skills:
 + Level 5.5 Fighting
   Level 3.4(3.8) Axes
 + Level 2.4(3.3) Polearms
 + Level 5.7 Armour
 + Level 3.2 Dodging
 + Level 5.9 Shields


You had 6 spell levels left.
You didn't know any spells.

Dungeon Overview and Level Annotations

Branches:
Dungeon (4/15)
 Temple: D:4-7

Altars:
Ru
Zin

Annotations:
D:4 Pikel


Innate Abilities, Weirdness & Mutations

You reflexively headbutt those who attack you in melee.
You have a pair of horns on your head.


Message History

That felt strangely unrewarding.
You hit Pikel.
Pikel is almost dead.
You block Pikel's attack.
The iguana bites you but does no damage.
You block the slave's attack. x2
Unknown command.
You hit Pikel.
Pikel is almost dead.
The iguana closely misses you. You furiously retaliate!
You headbutt the iguana. You block the slave's attack.
Pikel zaps a wand.
The bolt of cold misses you. The slave hits you but does no damage.
You block the slave's attack.
Unknown command.
You miss Pikel. Your headbutt misses Pikel.
Pikel is almost dead.
You block the iguana's attack. The slave hits you.
* * * LOW HITPOINT WARNING * * *
Pikel zaps a wand.
The bolt of cold hits you!
You die...

..##... .#..
...#... .....#
....... ....#.
....... ......
##..... ....#
#......##....
......p#..# #
......p@..#..#..
....#.Kpl......#
. #.....#...##
.............#
.........##...
........... ...
........#... ..
............. .
..#.... ....


You could see Pikel, 3 slaves and an iguana.

Vanquished Creatures
  Grinder (D:3)
  Sigmund (D:3)
  A slave (D:4)
  2 hounds (D:2)
  Jessica (D:3)
  Natasha (twice) (D:2)
  A worker ant (D:3)
  Robin (D:3)
  A gnoll (D:2)
  An adder (D:3)
  3 worms
  3 giant geckos
  10 orcs (D:3)
  A ball python (D:1)
  19 goblins
  7 hobgoblins
  8 jackals
  8 kobolds
  A quokka (D:2)
  8 bats
  4 giant cockroaches
  4 giant newts
  7 rats
95 creatures vanquished.

Notes
Turn   | Place    | Note
--------------------------------------------------------------
     0 | D:1      | Scarto the Minotaur Fighter began the quest for the Orb.
     0 | D:1      | Reached XP level 1. HP: 19/19 MP: 0/0
   108 | D:1      | Reached skill level 4 in Fighting
   207 | D:1      | Reached XP level 2. HP: 27/27 MP: 1/1
   904 | D:2      | Found a glowing silver altar of Zin.
   951 | D:2      | Noticed Natasha
   959 | D:2      | Killed Natasha
   959 | D:2      | Reached XP level 3. HP: 15/33 MP: 2/2
  1144 | D:2      | Noticed Natasha
  1150 | D:2      | Killed Natasha
  1406 | D:2      | Reached XP level 4. HP: 40/40 MP: 3/3
  1749 | D:2      | Reached skill level 1 in Dodging
  1755 | D:2      | Reached skill level 5 in Shields
  1755 | D:2      | Reached XP level 5. HP: 14/47 MP: 4/4
  2375 | D:3      | Noticed Jessica
  2394 | D:3      | Killed Jessica
  2451 | D:3      | Noticed Robin
  2478 | D:3      | Killed Robin
  2569 | D:3      | Noticed Sigmund
  2650 | D:3      | Killed Sigmund
  2650 | D:3      | Reached skill level 5 in Fighting
  2650 | D:3      | Reached skill level 1 in Polearms
  2650 | D:3      | Reached skill level 5 in Armour
  2650 | D:3      | Reached XP level 6. HP: 24/56 MP: 5/5
  2940 | D:3      | Noticed Grinder
  2953 | D:3      | Killed Grinder
  2953 | D:3      | Reached XP level 7. HP: 34/61 MP: 6/6
  3436 | D:3      | Found a sacrificial altar of Ru.
  3948 | D:4      | Noticed Pikel
  3976 | D:4      | Killed from afar by Pikel

Action                   |  1- 3 |  4- 6 |  7- 9 || total
-------------------------+-------+-------+-------++-------
Melee: War axe           |    78 |    17 |       ||    95
       Spear             |       |    84 |   104 ||   188
  Use: Potion            |       |     1 |     1 ||     2
  Eat: Chunk             |     2 |       |       ||     2
       Meat ration       |       |     1 |       ||     1
       Bread ration      |       |     1 |       ||     1
